 Dungeon Crawl Stone Soup version 0.28-a0-998-gb9e9c7b67e (webtiles) character file.

Game seed: 6635937434836240178

2652 ytrimaz the Martial Artist (level 9, -3/62 HPs)
             Began as an Octopode Transmuter on Dec 5, 2021.
             Was an Initiate of Gozag.
             Slain by a wraith (11 damage)
             ... on level 7 of the Dungeon.
             The game lasted 00:11:40 (7354 turns).

ytrimaz the Martial Artist (Octopode Transmuter)    Turns: 7354, Time: 00:11:40

Health: -3/62      AC:  6    Str: 16    XL:     9   Next: 62%
Magic:  14/17      EV: 19    Int: 19    God:    Gozag
Gold:   584        SH:  0    Dex: 17    Spells: 11/19 levels left

rFire   . . .      SeeInvis .     - Unarmed
rCold   . . .      Faith    .   (shield currently unavailable)
rNeg    . . .      Spirit   .   (helmet currently unavailable)
rPois   x          Reflect  .   (no amulet)
rElec   .          Harm     .   a - +4 ring of protection
rCorr   .          Rampage  .   b - +6 ring of strength
Will    .....                   (no ring)
Stlth   ++........              (no ring)
HPRegen 0.20/turn               (no ring)
MPRegen 0.15/turn               (no ring)
                                (no ring)
                                (no ring)

@: spider-form, slowed, very slow
A: venomous fangs, almost no armour, (amphibious), 8 rings, tiny, (camouflage
1), (gelatinous body 1), (nimble swimmer 1), (tentacles)
a: End Transformation, Renounce Religion, Potion Petition, Call Merchant, Bribe
Branch


You were on level 7 of the Dungeon.
You worshipped Gozag.
Gozag was pleased with you.
You were a venomous arachnid creature.
You visited 1 branch of the dungeon, and saw 7 of its levels.
You visited the Abyss 1 time.

You collected 1240 gold pieces.
You paid 656 gold pieces to Gozag.

Inventory:

Jewellery
 a - a +4 ring of protection (left front leg)
 b - a +6 ring of strength (right front leg)
Scrolls
 d - a scroll of magic mapping
 g - a scroll of fear
 h - 2 scrolls of identify
 j - a scroll of teleportation
 k - a scroll of amnesia
 l - a scroll of blinking {unknown}
 m - a scroll of immolation {unknown}
Potions
 c - a potion of haste
 e - 2 potions of brilliance
 f - a potion of curing
 i - a potion of mutation


   Skills:
 * Level 5.7 Fighting
 - Level 2.2 Dodging
 + Level 8.9 Unarmed Combat
 + Level 5.5 Spellcasting
 + Level 5.5 Transmutations


You had 11 spell levels left.
You knew the following spells:

 Your Spells              Type           Power      Damage    Failure   Level
a - Beastly Appendage     Tmut           52%        N/A       6%          1
b - Spider Form           Tmut/Pois      15%        N/A       28%         3
c - Ice Form              Ice/Tmut       15%        N/A       58%         4

Your spell library contained the following spells:

 Spells                   Type           Power      Damage    Failure   Level
 Wereblood                Tmut           26%        N/A       8%          2


Dungeon Overview and Level Annotations

Branches:
Dungeon (7/15)
 Temple: D:4-7

Altars:
Gozag
Nemelex Xobeh
Sif Muna
Trog
Xom
Zin

Shops:
D:2 :   D:6 **


Innate Abilities, Weirdness & Mutations

You are a venomous arachnid creature.
You have poisonous fangs.
You are tiny and dextrous.
Your spellcasting is less reliable in this form.
Your armour is entirely melded.
You are incapable of wielding weapons or throwing items.
You cannot wear most types of armour.
((You are amphibious.))
You can wear up to eight rings at the same time.
((Your skin changes colour to match your surroundings (Stealth+).))
((Your rubbery body absorbs attacks. (AC +1, EV +1)))
((You are camouflaged near water. (Stealth+)))
((You have tentacles for arms and can constrict up to eight enemies at once.))


Message History

The orc is moderately wounded.
The orc hits you but does no damage.
You hit the orc.
You kill the orc!
You hit the orc.
The orc is poisoned.
The orc is moderately wounded.
The orc closely misses you.
You barely miss the orc.
The orc is moderately wounded.
Your transformation is almost over.
The orc is distracted by your dazzling golden aura.
The orc shouts!
You hit the orc.
The orc is no longer distracted by gold.
The orc is severely wounded.
You kill the orc!
You now have 584 gold pieces (gained 39).
Items here: )))) [[.
Items here: )))) [[.
Your transformation has ended.
Magic restored.
A wraith is nearby!
A wraith is nearby!
The wraith hits you! The wraith drains your vigour!
You feel yourself slow down.
You barely miss the wraith. The wraith hits you!
You closely miss the wraith. The wraith hits you!
* * * LOW HITPOINT WARNING * * *
You barely miss the wraith.
Your tentacle-slap misses the wraith.
The wraith closely misses you. The wraith hits you!
* * * LOW HITPOINT WARNING * * *
The wraith drains your vigour!
You feel as though you will be slow longer.
Unknown command.
Casting: Spider Form (dangerous; 12% risk of failure)
Confirm with . or Enter, or press ? or * to list all spells.
You turn into a venomous arachnid creature.
The wraith hits you!
You die...
Your body crumbles into a pile of gold.

.......$.......##
...^.......#.....
............... ..
.....:.....#.#....
...........)......
.....####.)#######
.... #.........
... ###.####### ..
#...s(####### .
#.#[W.......#
#)###...###.#
#.#.........#
#.##..#.#.###
#.##..#.....
#.##..###.####.##
..##............#
####.####.######


You could see a wraith.

Vanquished Creatures
  A large abomination (Abyss:1)
  3 fire bats (Abyss:1)
  Eustachio (D:4)
  2 orc warriors (D:7)
  4 ogres
  A centaur (D:6)
  2 sky beasts
  2 scorpions
  A hound (D:6)
  2 jellies (D:6)
  2 centaur skeletons
  3 orc priests (D:7)
  3 iguanas
  2 bullfrog skeletons
  2 orc wizards
  2 hound skeletons (D:5)
  8 gnolls
  9 adders
  7 river rats (D:5)
  2 white imps (D:5)
  An ufetubus (D:5)
  An adder skeleton (D:5)
  A worm (D:5)
  A dart slug (D:3)
  18 orcs
  10 endoplasms
  6 giant cockroaches
  6 goblins
  6 hobgoblins
  8 jackals
  11 kobolds
  7 quokkas
  7 ball pythons
  7 bats
  5 frilled lizards
  17 rats
171 creatures vanquished.

Vanquished Creatures (others)
  A quokka (D:3)
  A ball python (D:3)
  2 plants (D:4)
4 creatures vanquished.

Grand Total: 175 creatures vanquished

Notes
Turn   | Place    | Note
-------+----------+-------------------------------------------
     0 | D:1      | ytrimaz the Octopode Transmuter began the quest for the
                  | Orb.
     0 | D:1      | Reached XP level 1. HP: 13/13 MP: 3/3
    58 | D:1      | Reached XP level 2. HP: 10/18 MP: 3/5
   980 | D:1      | Reached XP level 3. HP: 23/23 MP: 4/6
  1356 | D:2      | Found Ritemom's Book Emporium.
  1467 | D:2      | Learned a level 3 spell: Spider Form
  1619 | D:2      | Found a faded altar of an unknown god.
  1628 | D:2      | Prayed at the altar of an unknown god.
  1628 | D:2      | Became a worshipper of Gozag Ym Sagoz the Greedy
  1635 | D:2      | Reached XP level 4. HP: 28/29 MP: 7/7
  1998 | D:3      | Found a shimmering altar of Xom.
  2263 | D:3      | Reached skill level 4 in Unarmed Combat
  2435 | D:3      | Reached XP level 5. HP: 35/35 MP: 8/8
  3091 | D:4      | Noticed an ogre
  3091 | D:4      | Noticed Eustachio
  3105 | D:4      | Killed an ogre
  3105 | D:4      | Noticed an ogre
  3106 | D:4      | Reached XP level 6. HP: 41/41 MP: 6/10
  3411 | D:4      | Killed Eustachio
  3412 | D:4      | Reached skill level 5 in Unarmed Combat
  3412 | D:4      | Reached XP level 7. HP: 39/46 MP: 9/12
  3487 | D:4      | Found a large runed translucent door.
  3488 | D:4      | Found a large runed translucent door.
  3782 | D:4      | Found a sparkling altar of Nemelex Xobeh.
  3792 | D:4      | Found a shimmering blue altar of Sif Muna.
  3954 | D:4      | Found a bloodstained altar of Trog.
  4266 | D:5      | Entered Level 5 of the Dungeon
  4298 | D:5      | Reached skill level 6 in Unarmed Combat
  4556 | D:5      | Reached XP level 8. HP: 50/54 MP: 14/14
  4875 | D:5      | Learned a level 4 spell: Ice Form
  5478 | D:6      | Reached skill level 7 in Unarmed Combat
  6013 | D:6      | Found Zin's Purification Station.
  6035 | D:6      | Cast into level 1 of the Abyss (gnoll sergeant)
  6039 | Abyss:1  | Noticed a spatial maelstrom
  6165 | Abyss:1  | Noticed a ynoxinul
  6167 | Abyss:1  | Noticed a hellwing
  6201 | Abyss:1  | Noticed a worldbinder
  6215 | Abyss:1  | Noticed a large abomination
  6219 | Abyss:1  | Reached skill level 5 in Fighting
  6219 | Abyss:1  | Reached skill level 5 in Spellcasting
  6219 | Abyss:1  | Reached XP level 9. HP: 35/61 MP: 16/16
  6222 | Abyss:1  | Reached skill level 5 in Transmutations
  6223 | Abyss:1  | Reached skill level 8 in Unarmed Combat
  6228 | Abyss:1  | Killed a large abomination
  6235 | D:6      | Escaped the Abyss
  6738 | D:6      | Found a glowing silver altar of Zin.
  7354 | D:7      | Slain by a wraith

Illustrated notes

Levels and vault maps discovered:
D:1:      minmay_arrival_hallway, layout_loops_ring, minivault_11,
          hangedman_abyss_or_decor_stabs
D:2:      layout_loops_ring, basic_ecumenical_altar, serial_shops, shop
D:3:      layout_basic, xom_confusion_cloud, kennysheep_nondescript
D:4:      layout_basic, trog_book, jmf_multi_god_temple2, serial_bayou_pond_a,
          minmay_tree_intersection, uniq_eustachio
D:5:      lemuel_ratsnest, layout_loops_cross
D:6:      layout_rooms, zin_purify
D:7:      layout_basic, mainiacjoe_overflow_concentric_impassable,
          minmay_temple_entry_overgrown, minmay_shop_enchanted_jewellery,
          corexii_corridor_pit, serial_bayou_pond_b, serial_bayou_pond_d,
          grunt_ministairs_7

Skill      XL: |  1  2  3  4  5  6  7  8  9 |
---------------+----------------------------+-----
Fighting       | 2 3 5 |  5.7
Unarmed Combat | 4 5 6 7 8 |  8.9
Spellcasting   | 3 4 5 |  5.5
Transmutations | 3 4 5 |  5.5
Dodging        | |  2.2

Action                   |  1- 3 |  4- 6 |  7- 9 || total
-------------------------+-------+-------+-------++-------
Melee: Unarmed           |    92 |   112 |   240 ||   444
       Constrict         |    16 |    16 |    44 ||    76
       Tentacles         |    11 |    16 |    26 ||    53
       Kick              |    11 |     8 |    37 ||    56
       Punch             |     1 |     1 |     7 ||     9
Throw: Throwing net      |       |       |     1 ||     1
 Cast: Beastly Appendage |    16 |    15 |    25 ||    56
       Spider Form       |     1 |     4 |    12 ||    17
Invok: Call Merchant     |       |       |     1 ||     1
  Use: Scroll            |     3 |     4 |     6 ||    13
       Potion            |       |       |     2 ||     2
 Stab: Sleeping          |     7 |     2 |     3 ||    12
       Distracted        |       |       |     1 ||     1
Armor: Skin              |    18 |    28 |    56 ||   102
Dodge: Dodged            |    81 |    73 |   155 ||   309

Table legend: (Time is in decaauts)
 A = Elapsed time spent in this place.
 B = Non-inter-level travel time spent in this place.
 C = Inter-level travel time spent in this place.
 D = Time resting spent in this place.
 E = Time spent auto-exploring this place.
 F = Levels seen in this place.
 G = Mean time per level.
                   A        B        C        D        E       F      G
               +--------+--------+--------+--------+--------+-----+--------+
         Total |   7321 |   7136 |    185 |   1015 |   4561 |   8 |  915.1 |
       Dungeon |   7127 |   6942 |    185 |    877 |   4561 |   7 | 1018.1 |
         Abyss |    194 |    194 |      0 |    138 |      0 |   1 |  194.0 |
               +--------+--------+--------+--------+--------+-----+--------+

Top non-repeatable levels by time:
     D:5: 1747 daAuts
     D:3: 1344 daAuts
     D:1: 1099 daAuts
     D:4: 976 daAuts
     D:2: 827 daAuts
     D:6: 583 daAuts
     D:7: 549 daAuts
 Abyss:1: 194 daAuts
